TOP OF THE 1ST |
Spanish Fork HS batting - Pitching for Overland Park HS Triplets : RHP Richard Jones
|
Pitching: RHP Richard Jones
|
|
Batting: RHB River Sullivan
|
0-0: Ball 1-0: Called Strike 1-1: Ball 2-1: Swinging Strike 2-2: Ball 3-2: Strikes out swinging
|
Batting: RHB Thad Bauer
|
0-0: Called Strike 0-1: Swinging Strike 0-2: SINGLE (Groundball, 3D)
|
Batting: RHB John Arnold
|
0-0: Ball 1-0: SINGLE (Groundball, 6D) Thad Bauer to second
|
Batting: RHB Geoffrey Billings
|
0-0: Ball 1-0: Ball 2-0: Ball 3-0: Called Strike 3-1: Base on Balls Thad Bauer to third John Arnold to second
|
Batting: RHB David Brady
|
0-0: Foul Ball, location: 2F 0-1: Swinging Strike 0-2: Ball 1-2: Fielders Choice at 2nd, 4-6 (Groundball, 4) Thad Bauer scores John Arnold to third
|
Batting: RHB Thomas Hollis
|
0-0: Called Strike 0-1: Called Strike 0-2: Ball 1-2: Ball 2-2: Foul Ball, location: 2F 2-2: Strikes out looking
|
Top of the 1st over - 1 run(s), 2 hit(s), 0 error(s), 2 left on base; Spanish Fork HS 1 - Overland Park HS 0 |
BOTTOM OF THE 1ST |
Overland Park HS Triplets batting - Pitching for Spanish Fork HS : LHP Rafael Maniola
|
Pitching: LHP Rafael Maniola
|
|
Batting: LHB Esteban Pérez
|
0-0: Ball 1-0: Called Strike 1-1: Ball 2-1: Called Strike 2-2: Ball 3-2: Foul Ball, location: 2F 3-2: Base on Balls
|
Batting: LHB José Mendoza
|
0-0: Ball Esteban Pérez steals 2nd base 1-0: Called Strike 1-1: Called Strike Esteban Pérez steals 3rd base 1-2: Foul Ball, location: 2F 1-2: Foul Ball, location: 2F 1-2: Ground out 4-3 (Groundball, 4) Esteban Pérez scores
|
Batting: RHB Emery Cooper
|
0-0: Ball 1-0: Hit by Pitch
|
Batting: RHB Alex Moran
|
0-0: Foul Ball, location: 2F 0-1: Ball 1-1: Single, Error in OF, E9, batter to second base Emery Cooper to third
|
Batting: RHB Pablo Quintanilla
|
0-0: Ball 1-0: Ball 2-0: Called Strike 2-1: Foul Ball, location: 2F 2-2: Foul Ball, location: 2F 2-2: Ball 3-2: Foul Ball, location: 2F 3-2: Ground out 5-3 (Groundball, 56S) Emery Cooper scores Alex Moran to third
|
Batting: RHB Eddie Stanton
|
0-0: Called Strike 0-1: Swinging Strike 0-2: SINGLE (Groundball, 6D) Alex Moran scores
|
Batting: RHB Al Kelly
|
0-0: Called Strike 0-1: Hit by Pitch Eddie Stanton to second
|
Batting: LHB Mark McCubby
|
0-0: Ball 1-0: Foul Ball, location: 2F 1-1: Ball 2-1: Ball 3-1: Base on Balls Eddie Stanton to third Al Kelly to second
|
Batting: SHB John Hansen
|
0-0: Swinging Strike 0-1: Fielders Choice at 2nd, 6-4 (Groundball, 6)
|
Bottom of the 1st over - 3 run(s), 2 hit(s), 1 error(s), 2 left on base; Spanish Fork HS 1 - Overland Park HS 3 |
TOP OF THE 2ND |
Spanish Fork HS batting - Pitching for Overland Park HS Triplets : RHP Richard Jones
|
Batting: LHB Carl Ríos
|
0-0: Fly out, F9 (Flyball, 9S)
|
Batting: RHB Michael MacDonald
|
0-0: Ball 1-0: Ball 2-0: SINGLE (Groundball, 3D)
|
Batting: SHB Iván Flores
|
0-0: Called Strike 0-1: Ball 1-1: Ball 2-1: Called Strike Michael MacDonald steals 2nd base 2-2: Ground out 1-3 (Groundball, P) Michael MacDonald to third
|
Batting: RHB River Sullivan
|
0-0: Called Strike 0-1: Foul Ball, location: 2F 0-2: Ball 1-2: Ball 2-2: Foul Ball, location: 2F 2-2: Ball 3-2: SINGLE (Groundball, 6D) Michael MacDonald scores
|
Batting: RHB Thad Bauer
|
0-0: Called Strike 0-1: Ball 1-1: Foul Ball, location: 2F 1-2: Reached on error, E5 (Groundball, 5) River Sullivan to second
|
Batting: RHB John Arnold
|
0-0: Foul Ball, location: 2F 0-1: Ball 1-1: Hit by Pitch River Sullivan to third Thad Bauer to second
|
Batting: RHB Geoffrey Billings
|
0-0: Ball 1-0: Called Strike 1-1: Ball 2-1: Fly out, F8 (Flyball, 8RXD)
|
Top of the 2nd over - 1 run(s), 2 hit(s), 1 error(s), 3 left on base; Spanish Fork HS 2 - Overland Park HS 3 |
BOTTOM OF THE 2ND |
Overland Park HS Triplets batting - Pitching for Spanish Fork HS : LHP Rafael Maniola
|
Batting: LHB Esteban Pérez
|
0-0: Ground out 4-3 (Groundball, 4)
|
Batting: LHB José Mendoza
|
0-0: Called Strike 0-1: Ball 1-1: Swinging Strike 1-2: Strikes out looking
|
Batting: RHB Emery Cooper
|
0-0: Called Strike 0-1: DOUBLE (Line Drive, 78D)
|
Batting: RHB Alex Moran
|
0-0: Ball 1-0: Called Strike 1-1: Ball 2-1: Swinging Strike 2-2: Ball 3-2: SINGLE (Groundball, 34D) Emery Cooper to third Emery Cooper scores
|
Batting: RHB Pablo Quintanilla
|
0-0: Foul Ball, location: 2F 0-1: SINGLE (Line Drive, 8LS) Alex Moran to second
|
Batting: RHB Eddie Stanton
|
0-0: Foul Ball, location: 2F 0-1: Ball Wild Pitch! Alex Moran to third Pablo Quintanilla to second 1-1: Ball 2-1: Ball 3-1: Foul Ball, location: 2F 3-2: Fly out, F5 (Popup, 5D)
|
Bottom of the 2nd over - 1 run(s), 3 hit(s), 0 error(s), 2 left on base; Spanish Fork HS 2 - Overland Park HS 4 |
TOP OF THE 3RD |
Spanish Fork HS batting - Pitching for Overland Park HS Triplets : RHP Richard Jones
|
Batting: RHB David Brady
|
0-0: Ground out 5-3 (Groundball, 56)
|
Batting: RHB Thomas Hollis
|
0-0: Ball 1-0: Ball 2-0: Called Strike 2-1: Ball 3-1: Base on Balls
|
Batting: LHB Carl Ríos
|
0-0: Ball 1-0: Ball 2-0: SINGLE (Flyball, 8RM) Thomas Hollis to second
|
Batting: RHB Michael MacDonald
|
0-0: Swinging Strike 0-1: Ball 1-1: Ball 2-1: Ball 3-1: Base on Balls Thomas Hollis to third Carl Ríos to second
|
Batting: SHB Iván Flores
|
0-0: Ball 1-0: Ball 2-0: Foul Ball, location: 2F 2-1: Fly out, F7 (Flyball, 56D) Runner from 3rd tags up, SCORES, throw made
|
Batting: RHB River Sullivan
|
0-0: Foul Ball, location: 2F 0-1: Ball 1-1: Ball 2-1: Swinging Strike 2-2: Fly out, F8 (Flyball, 8RS)
|
Top of the 3rd over - 1 run(s), 1 hit(s), 0 error(s), 2 left on base; Spanish Fork HS 3 - Overland Park HS 4 |
BOTTOM OF THE 3RD |
Overland Park HS Triplets batting - Pitching for Spanish Fork HS : LHP Rafael Maniola
|
Batting: RHB Al Kelly
|
0-0: Ball 1-0: Ball 2-0: SINGLE (Groundball, 34D)
|
Batting: LHB Mark McCubby
|
0-0: Swinging Strike 0-1: Ball 1-1: Ball 2-1: SINGLE (Line Drive, 34) Al Kelly to second
|
Batting: SHB John Hansen
|
0-0: Called Strike 0-1: Called Strike 0-2: Ball 1-2: Strikes out looking
|
Batting: LHB Esteban Pérez
|
0-0: Swinging Strike 0-1: Fielders Choice at 2nd, 4-6 (Groundball, 4) Al Kelly to third
|
Batting: LHB José Mendoza
|
0-0: Swinging Strike 0-1: Called Strike 0-2: Foul Ball, location: 2F 0-2: Ball 1-2: Ball 2-2: DOUBLE (Flyball, 8LD) Al Kelly scores Esteban Pérez to third Runner from 3rd tries for Home, SAFE, no throw
|
Batting: RHB Emery Cooper
|
0-0: Ball 1-0: Called Strike 1-1: Ball 2-1: Foul Ball, location: 2F 2-2: Ball 3-2: Foul Ball, location: 2F 3-2: Fly out, F9 (Flyball, 9LS)
|
Bottom of the 3rd over - 2 run(s), 3 hit(s), 0 error(s), 1 left on base; Spanish Fork HS 3 - Overland Park HS 6 |
TOP OF THE 4TH |
Spanish Fork HS batting - Pitching for Overland Park HS Triplets : RHP Richard Jones
|
Batting: RHB Thad Bauer
|
0-0: Called Strike 0-1: Ball 1-1: Foul Ball, location: 2F 1-2: Strikes out swinging
|
Pitching: RHP Louie Henderson
|
|
Batting: RHB John Arnold
|
0-0: Ball 1-0: Called Strike 1-1: Called Strike 1-2: Foul Ball, location: 2F 1-2: Foul Ball, location: 2F 1-2: Strikes out swinging
|
Batting: RHB Geoffrey Billings
|
0-0: Fly out, F7 (Flyball, 7)
|
Top of the 4th over - 0 run(s), 0 hit(s), 0 error(s), 0 left on base; Spanish Fork HS 3 - Overland Park HS 6 |
BOTTOM OF THE 4TH |
Overland Park HS Triplets batting - Pitching for Spanish Fork HS : LHP Rafael Maniola
|
Pitching: LHP Jason Mills
|
|
Batting: RHB Alex Moran
|
0-0: Called Strike 0-1: Ball 1-1: Ball 2-1: Foul Ball, location: 2F 2-2: Strikes out swinging
|
Batting: RHB Pablo Quintanilla
|
0-0: Ball 1-0: Fly out, F8 (Flyball, 8LM)
|
Batting: RHB Eddie Stanton
|
0-0: Ball 1-0: Called Strike 1-1: Ball 2-1: Swinging Strike 2-2: Strikes out swinging
|
Bottom of the 4th over - 0 run(s), 0 hit(s), 0 error(s), 0 left on base; Spanish Fork HS 3 - Overland Park HS 6 |
TOP OF THE 5TH |
Spanish Fork HS batting - Pitching for Overland Park HS Triplets : RHP Louie Henderson
|
Batting: RHB David Brady
|
0-0: Called Strike 0-1: Fly out, F1 (Line Drive, 15S)
|
Batting: RHB Thomas Hollis
|
0-0: SOLO HOME RUN (Flyball, 78XD), Distance : 415 ft
|
Batting: LHB Carl Ríos
|
0-0: Swinging Strike 0-1: Called Strike 0-2: Ball 1-2: Ball 2-2: Foul Ball, location: 2F 2-2: Foul Ball, location: 2F 2-2: Foul Ball, location: 2F 2-2: Ball 3-2: Strikes out swinging
|
Batting: RHB Michael MacDonald
|
0-0: Called Strike 0-1: Called Strike 0-2: Ball 1-2: Strikes out swinging
|
Top of the 5th over - 1 run(s), 1 hit(s), 0 error(s), 0 left on base; Spanish Fork HS 4 - Overland Park HS 6 |
BOTTOM OF THE 5TH |
Overland Park HS Triplets batting - Pitching for Spanish Fork HS : LHP Jason Mills
|
Batting: RHB Al Kelly
|
0-0: Swinging Strike 0-1: Foul Ball, location: 2F 0-2: Foul Ball, location: 2F 0-2: Foul Ball, location: 2F 0-2: Foul Ball, location: 2F 0-2: Ball 1-2: Ball 2-2: SOLO HOME RUN (Flyball, 89XD), Distance : 416 ft
|
Batting: LHB Mark McCubby
|
0-0: Ball 1-0: Foul Ball, location: 2F 1-1: Ball 2-1: Called Strike 2-2: Foul Ball, location: 2F 2-2: Foul Ball, location: 2F 2-2: Ball 3-2: Base on Balls
|
Batting: SHB John Hansen
|
0-0: Foul Ball, location: 2F 0-1: Swinging Strike 0-2: Grounds into double play, 4-6-3 (Groundball, 4)
|
Batting: LHB Esteban Pérez
|
0-0: Reached on error, E3 (Groundball, 34)
|
Batting: LHB José Mendoza
|
0-0: Ball 1-0: Ball Esteban Pérez steals 2nd base 2-0: Ball 3-0: Base on Balls
|
Batting: RHB Emery Cooper
|
0-0: Called Strike 0-1: Ball 1-1: Swinging Strike 1-2: Foul Ball, location: 2F 1-2: Strikes out swinging
|
Bottom of the 5th over - 1 run(s), 1 hit(s), 1 error(s), 2 left on base; Spanish Fork HS 4 - Overland Park HS 7 |
TOP OF THE 6TH |
Spanish Fork HS batting - Pitching for Overland Park HS Triplets : RHP Louie Henderson
|
Batting: SHB Iván Flores
|
0-0: Ball 1-0: Ball 2-0: Called Strike 2-1: Ball 3-1: Foul Ball, location: 2F 3-2: Strikes out swinging
|
Batting: RHB River Sullivan
|
0-0: Called Strike 0-1: Called Strike 0-2: Ball 1-2: Strikes out swinging
|
Batting: RHB Thad Bauer
|
0-0: Ball 1-0: Ball 2-0: Called Strike 2-1: Ball 3-1: Base on Balls
|
Batting: RHB John Arnold
|
0-0: Called Strike Throwing error on steal attempt, E2 Thad Bauer to third 0-1: Ball 1-1: Swinging Strike 1-2: Foul Ball, location: 2F 1-2: Strikes out looking
|
Top of the 6th over - 0 run(s), 0 hit(s), 1 error(s), 1 left on base; Spanish Fork HS 4 - Overland Park HS 7 |
BOTTOM OF THE 6TH |
Overland Park HS Triplets batting - Pitching for Spanish Fork HS : LHP Jason Mills
|
Batting: RHB Alex Moran
|
0-0: Reached on error, E5 (Groundball, 56S)
|
Batting: RHB Pablo Quintanilla
|
0-0: Foul Ball, location: 2F 0-1: Foul Ball, location: 2F 0-2: Fly out, F7 (Flyball, 7)
|
Batting: RHB Eddie Stanton
|
0-0: Called Strike 0-1: Swinging Strike 0-2: Foul Ball, location: 2F 0-2: Ball 1-2: Ball 2-2: Ball 3-2: Foul Ball, location: 2F 3-2: Strikes out swinging
|
Pitching: LHP Patrice Galipeau
|
|
Batting: RHB Al Kelly
|
0-0: Ball 1-0: Ground out 4-3 (Groundball, 4)
|
Bottom of the 6th over - 0 run(s), 0 hit(s), 1 error(s), 1 left on base; Spanish Fork HS 4 - Overland Park HS 7 |
TOP OF THE 7TH |
Spanish Fork HS batting - Pitching for Overland Park HS Triplets : RHP Louie Henderson
|
Batting: RHB Geoffrey Billings
|
0-0: Ball 1-0: Swinging Strike 1-1: Foul Ball, location: 2F 1-2: Ball 2-2: Foul Ball, location: 2F 2-2: Strikes out swinging
|
Batting: RHB David Brady
|
0-0: Called Strike 0-1: Foul Ball, location: 2F 0-2: Foul Ball, location: 2F 0-2: Foul Ball, location: 2F 0-2: Foul Ball, location: 2F 0-2: DOUBLE (Groundball, 5L)
|
Pitching: RHP Héctor González
|
|
Batting: RHB Thomas Hollis
|
0-0: Foul Ball, location: 2F 0-1: Ball 1-1: Swinging Strike 1-2: Strikes out swinging
|
Batting: LHB Carl Ríos
|
0-0: Ball 1-0: Foul Ball, location: 2F 1-1: Swinging Strike 1-2: Strikes out swinging
|
Top of the 7th over - 0 run(s), 1 hit(s), 0 error(s), 1 left on base; Spanish Fork HS 4 - Overland Park HS 7 |
BOTTOM OF THE 7TH |
Overland Park HS Triplets batting - Pitching for Spanish Fork HS : LHP Patrice Galipeau
|
Batting: LHB Mark McCubby
|
0-0: Fly out, F9 (Flyball, 9S)
|
Batting: SHB John Hansen
|
0-0: Ball 1-0: Foul Ball, location: 2F 1-1: Ball 2-1: Swinging Strike 2-2: Strikes out swinging
|
Batting: LHB Esteban Pérez
|
0-0: Foul Ball, location: 2F 0-1: Ball 1-1: Called Strike 1-2: Ball 2-2: Foul Ball, location: 2F 2-2: Ball 3-2: Base on Balls
|
Batting: LHB José Mendoza
|
0-0: Called Strike 0-1: Ball 1-1: Ball 2-1: Called Strike Esteban Pérez is caught stealing 2nd base
|
Bottom of the 7th over - 0 run(s), 0 hit(s), 0 error(s), 0 left on base; Spanish Fork HS 4 - Overland Park HS 7 |
TOP OF THE 8TH |
Spanish Fork HS batting - Pitching for Overland Park HS Triplets : RHP Héctor González
|
Now in LF: Manuel Espinosa
|
|
Batting: RHB Michael MacDonald
|
0-0: Called Strike 0-1: Ball 1-1: Ground out 6-3 (Groundball, 6M)
|
Batting: SHB Iván Flores
|
0-0: Ball 1-0: Called Strike 1-1: Reached on error, E6 (Groundball, 6)
|
Pitching: RHP James Rivers
|
|
Batting: RHB River Sullivan
|
0-0: Swinging Strike 0-1: Ball 1-1: Foul Ball, location: 2F 1-2: Foul Ball, location: 2F 1-2: Reached on error, E5 (Groundball, 56S) Iván Flores to second
|
Batting: RHB Thad Bauer
|
0-0: Ball 1-0: Foul Ball, location: 2F 1-1: Ball 2-1: Foul Ball, location: 2F 2-2: Ball 3-2: Fly out, F9 (Line Drive, 9)
|
Batting: RHB John Arnold
|
0-0: Swinging Strike 0-1: Ball 1-1: Ball 2-1: Ball 3-1: Foul Ball, location: 2F 3-2: Base on Balls Iván Flores to third River Sullivan to second
|
Batting: RHB Geoffrey Billings
|
0-0: Ball 1-0: Called Strike 1-1: Foul Ball, location: 2F 1-2: Ball 2-2: Ball 3-2: SINGLE (Groundball, 56D) Iván Flores scores River Sullivan to third John Arnold to second River Sullivan scores John Arnold to third
|
Batting: RHB David Brady
|
0-0: Ball 1-0: Called Strike 1-1: Ball 2-1: Ball 3-1: Base on Balls Geoffrey Billings to second
|
Pitching: RHP Mike Smith
|
|
Batting: RHB Thomas Hollis
|
0-0: Foul Ball, location: 2F 0-1: Fly out, F8 (Flyball, 8RXD)
|
Top of the 8th over - 2 run(s), 1 hit(s), 2 error(s), 3 left on base; Spanish Fork HS 6 - Overland Park HS 7 |
BOTTOM OF THE 8TH |
Overland Park HS Triplets batting - Pitching for Spanish Fork HS : LHP Patrice Galipeau
|
Batting: LHB José Mendoza
|
0-0: Ball 1-0: Foul Ball, location: 2F 1-1: Ball 2-1: Ball 3-1: Foul Ball, location: 2F 3-2: Base on Balls
|
Batting: RHB Emery Cooper
|
0-0: Ball 1-0: Ball 2-0: Ball 3-0: Base on Balls José Mendoza to second
|
Batting: RHB Alex Moran
|
0-0: Ball 1-0: Ball 2-0: Foul Ball, location: 2F 2-1: Foul Ball, location: 2F 2-2: Fly out, F7 (Line Drive, 7)
|
Batting: RHB Pablo Quintanilla
|
0-0: Ball 1-0: Grounds into double play, 5-4-3 (Groundball, 56)
|
Bottom of the 8th over - 0 run(s), 0 hit(s), 0 error(s), 1 left on base; Spanish Fork HS 6 - Overland Park HS 7 |
TOP OF THE 9TH |
Spanish Fork HS batting - Pitching for Overland Park HS Triplets : RHP Mike Smith
|
Pitching: RHP Clint Smith
|
|
Now in RF: Carson Doss
|
|
Pinch Hitting: RHB Octávio Ramérez
|
0-0: Foul Ball, location: 2F 0-1: Foul Ball, location: 2F 0-2: Ball 1-2: Foul Ball, location: 2F 1-2: Ball 2-2: Strikes out swinging
|
Batting: RHB Michael MacDonald
|
0-0: Called Strike 0-1: Ball 1-1: Swinging Strike 1-2: Ball 2-2: Ball 3-2: Base on Balls
|
Batting: SHB Iván Flores
|
0-0: Ball 1-0: Ball 2-0: SINGLE (Flyball, 7S) Michael MacDonald to second
|
Batting: RHB River Sullivan
|
0-0: Called Strike 0-1: Ball 1-1: Ball 2-1: Ball 3-1: Base on Balls Michael MacDonald to third Iván Flores to second
|
Batting: RHB Thad Bauer
|
0-0: Ball 1-0: Foul Ball, location: 2F 1-1: Ball 2-1: Ball 3-1: Base on Balls Michael MacDonald scores Iván Flores to third River Sullivan to second
|
Batting: RHB John Arnold
|
0-0: Called Strike 0-1: Ball 1-1: Foul Ball, location: 2F 1-2: Foul Ball, location: 2F 1-2: Ball 2-2: DOUBLE (Line Drive, 78XD) Iván Flores scores River Sullivan scores Thad Bauer to third
|
Batting: RHB Geoffrey Billings
|
0-0: Intentional Walk
|
Pitching: RHP Kelvin Wood
|
|
Batting: RHB David Brady
|
0-0: Fly out, F9 (Flyball, 9S)
|
Batting: RHB Thomas Hollis
|
0-0: Called Strike 0-1: Ball 1-1: Swinging Strike 1-2: Strikes out looking
|
Top of the 9th over - 3 run(s), 2 hit(s), 0 error(s), 3 left on base; Spanish Fork HS 9 - Overland Park HS 7 |
BOTTOM OF THE 9TH |
Overland Park HS Triplets batting - Pitching for Spanish Fork HS : LHP Patrice Galipeau
|
Pitching: RHP Mike Sinclair
|
|
Now at 1B: Lou Kenner
|
|
Now at SS: John Flowers
|
|
Now in LF: Octávio Ramérez
|
|
Batting: RHB Eddie Stanton
|
0-0: Ball 1-0: Fly out, F9 (Flyball, 9S)
|
Batting: RHB Manuel Espinosa
|
0-0: Called Strike 0-1: Ball 1-1: Ball 2-1: SINGLE (Groundball, 4) (infield hit)
|
Batting: LHB Mark McCubby
|
0-0: Ball 1-0: Foul Ball, location: 2F 1-1: Ground out 4-3 (Groundball, 4S) Manuel Espinosa to second
|
Batting: SHB John Hansen
|
0-0: Ball 1-0: Ball 2-0: Called Strike 2-1: Ball 3-1: Swinging Strike 3-2: Strikes out swinging
|
Bottom of the 9th over - 0 run(s), 1 hit(s), 0 error(s), 1 left on base; Spanish Fork HS 9 - Overland Park HS 7 |
|